 Dungeon Crawl Stone Soup version 0.22-a0-185-ge330310 (webtiles) character file.

86 4thArraOfDagon the Sneak (level 4, 0/28 HPs)
             Began as an Octopode Enchanter on Feb 15, 2018.
             Succumbed to an adder's poison
             ... on level 3 of the Dungeon.
             The game lasted 00:02:33 (456 turns).

4thArraOfDagon the Sneak (Octopode Enchanter)        Turns: 456, Time: 00:02:34

Health: 0/28       AC:  1    Str:  6 (7)  XL:     4   Next: 49%
Magic:  5/7        EV: 13    Int: 17 (18) God:
Gold:   31         SH:  0    Dex:  9 (12) Spells: 4/7 levels left

rFire    + . .     SeeInvis .   m - +2 dagger (speed)
rCold    + . .     Gourm    .   (no shield)
rNeg     . . .     Faith    .   (helmet restricted)
rPois    +         Spirit   .   (no amulet)
rElec    +         Reflect  .   (no ring)
rCorr    +         Harm     .   (no ring)
MR       .....                  (no ring)
Stlth    +++.......             (no ring)
HPRegen  0.09/turn              (no ring)
MPRegen  0.10/turn              (no ring)
                                (no ring)
                                (no ring)

@: lethally poisoned (0 -> -10), resistant, very slightly contaminated, hasted,
very quick
A: almost no armour, stealthy swim, amphibious, 8 rings, constrict 8, camouflage
1, gelatinous body 1
a: no special abilities


You were on level 3 of the Dungeon.
You were not hungry.

You visited 1 branch of the dungeon, and saw 3 of its levels.

You collected 31 gold pieces.

Inventory:

Hand Weapons
 a - a +1 dagger
 m - a +2 dagger of speed (weapon)
Wands
 h - a wand of iceblast (7)
 k - a wand of acid (10)
Scrolls
 f - 2 scrolls of identify {unknown}
 g - a scroll of noise {unknown}
 j - a scroll of random uselessness {unknown}
 n - a scroll of amnesia {unknown}
Books
 b - a book of Maledictions

   Spells                             Type                      Level
   a - Corona                         Hexes                        1
   b - Ensorcelled Hibernation        Hexes/Ice                    2
   c - Confuse                        Hexes                        3
   d - Tukima's Dance                 Hexes                        3
   e - Dazzling Spray                 Conjuration/Hexes            3
Comestibles
 c - 4 rations


   Skills:
 + Level 1.3 Fighting
 - Level 3.4 Short Blades
 + Level 2.5 Dodging
 - Level 4.0 Stealth
 - Level 2.0 Spellcasting
 - Level 3.0 Hexes


You had 4 spell levels left.
You knew the following spells:

 Your Spells              Type           Power        Failure   Level  Hunger
a - Corona                Hex            ##.....      5%          1    #......
b - Ensorcelled Hibernat  Hex/Ice        #.....       16%         2    ###....


Dungeon Overview and Level Annotations

Branches:
Dungeon (3/15)

Altars:


Innate Abilities, Weirdness & Mutations

You cannot wear most types of armour.
You are very stealthy in the water. (Stealth+)
You are amphibious.
You can wear up to eight rings at the same time.
You can use your tentacles to constrict eight enemies at once.
Your skin changes colour to match your surroundings (Stealth+).
Your rubbery body absorbs attacks. (AC +1, EV +1)


Message History

Evoke which item? (* to show all) (? for menu, Esc to quit)
Aiming: Corrosive Bolt
Press: ? - help, Shift-Dir - straight line, f - kobold, p - adder
Aim: a kobold, wielding a blowgun The bolt of acid hits the adder.
The adder is splashed with acid.
The acid corrodes the adder!
You kill the adder!
The bolt of acid hits the frilled lizard.
The frilled lizard is splashed with acid.
The acid corrodes the frilled lizard!
You kill the frilled lizard!
The bolt of acid hits the kobold.
The kobold is splashed with acid.
You kill the kobold!
* * * LOW HITPOINT WARNING * * *
You feel sick.
* * * LOW HITPOINT WARNING * * *
You feel sick.
* * * LOW HITPOINT WARNING * * *
You feel sick.
You die...

....# #..#.#
..###.# #..#.#
###.(.###..#.#
#.....)(†....#
..$....##..###
#.K...# #..#
###... #..#
.###.###..#
.......@..#
#####.##### #


There were no monsters in sight!

Vanquished Creatures
  Ijyb (D:3)
  Terence (D:2)
  An adder (D:3)
  A dart slug (D:1)
  3 bats (D:1)
  2 goblins
  3 hobgoblins
  4 jackals (D:1)
  4 kobolds
  A quokka (D:2)
  3 frilled lizards
  2 rats (D:2)
26 creatures vanquished.

Notes
Turn   | Place    | Note
-------+----------+-------------------------------------------
     0 | D:1      | 4thArraOfDagon the Octopode Enchanter began the quest for the Orb.
     0 | D:1      | Reached XP level 1. HP: 11/11 MP: 3/3
    66 | D:1      | Reached XP level 2. HP: 7/17 MP: 5/5
   189 | D:1      | Learned a level 2 spell: Ensorcelled Hibernation
   327 | D:3      | Noticed Ijyb
   334 | D:3      | Killed Ijyb
   334 | D:3      | Reached XP level 3. HP: 14/21 MP: 1/6
   358 | D:2      | Noticed Terence
   376 | D:2      | Killed Terence
   376 | D:2      | Reached skill level 1 in Fighting
   376 | D:2      | Reached XP level 4. HP: 19/28 MP: 1/7
   455 | D:3      | HP: 1/28 [poisoned by an adder]
   456 | D:3      | Succumbed to an adder's poison

Vault maps used:
D:1:      minmay_arrival_stair_chambers, grunt_decor_one_mirror,
          lemuel_old_faithful
D:2:      lemuel_doored_altar, first_ration, st_stairs_7, uniq_terence,
          uniq_sigmund
D:3:      minmay_misc_feat_rows, minmay_unequal, uniq_robin, uniq_ijyb

Skill      XL: |  1  2  3 |
---------------+----------+-----
Short Blades   | 2 3 |  3.4
Fighting       | 1 |  1.3
Dodging        | |  2.5
Stealth        | |  4.0
Spellcasting   | |  2.0
Hexes          | |  3.0

Action                   |  1- 3 |  4- 6 || total
-------------------------+-------+-------++-------
Melee: Dagger            |    49 |     8 ||    57
       Constrict         |     9 |     2 ||    11
       Tentacles         |     3 |     2 ||     5
Throw: Throwing net      |     1 |       ||     1
 Cast: Corona            |     4 |       ||     4
       Ensorcelled Hiber |     4 |       ||     4
Evoke: Wand              |       |     1 ||     1
  Use: Potion            |       |     4 ||     4
 Stab: Sleeping          |    10 |       ||    10
       Held in net/web   |     1 |       ||     1
Armor: Skin              |     3 |     1 ||     4
Dodge: Dodged            |    16 |     7 ||    23

Table legend:
 A = Spawn XP
 B = Non-spawn XP
 C = Spawn XP percentage of total XP
 D = Spawn monster count
 E = Non-spawn monster count
 F = Spawn count percentage of total count
 G = Total turns spent on level
                    A         B        C        D         E        F      G
               +---------+---------+-------+---------+---------+-------+---------
         Total |       0 |     123 |   0.0 |       0 |      26 |   0.0 |   456
               +---------+---------+-------+---------+---------+-------+---------
           D:1 |       0 |      24 |   0.0 |       0 |      13 |   0.0 |   228
           D:2 |       0 |      46 |   0.0 |       0 |       8 |   0.0 |   152
           D:3 |       0 |      53 |   0.0 |       0 |       5 |   0.0 |    76
               +---------+---------+-------+---------+---------+-------+---------
